TOP OF THE 1ST |
Alabama Crimson Tide batting - Pitching for Texas A&M Aggies : RHP Josh Ewing
|
Pitching: RHP Josh Ewing
|
|
Batting: RHB Greg Grant
|
0-0: Swinging Strike 0-1: Fly out, F9 (Flyball, 9M)
|
Batting: LHB Clayton Bailey
|
0-0: Swinging Strike 0-1: Called Strike 0-2: Strikes out looking
|
Batting: SHB Jorge Dávila
|
0-0: Ball 1-0: Ball 2-0: Ball 3-0: Base on Balls
|
Batting: RHB Stephen Nava
|
0-0: Called Strike 0-1: Swinging Strike 0-2: Ball 1-2: Strikes out swinging
|
Top of the 1st over - 0 run(s), 0 hit(s), 0 error(s), 1 left on base; Alabama 0 - Texas A&M 0 |
BOTTOM OF THE 1ST |
Texas A&M Aggies batting - Pitching for Alabama Crimson Tide : RHP Kip Coleman
|
Pitching: RHP Kip Coleman
|
|
Batting: RHB Irwin Robinson
|
0-0: Ball 1-0: Ball 2-0: Ball 3-0: Called Strike 3-1: Called Strike 3-2: Base on Balls
|
Batting: LHB Kevin Holley
|
0-0: Called Strike 0-1: Ball 1-1: Ball 2-1: SINGLE (Groundball, 34D) Irwin Robinson to second Runner from 2nd tries for 3rd, SAFE, throw made to third
|
Batting: LHB Walt Brown
|
0-0: Grounds into double play, 6-4-3 (Groundball, 6) Irwin Robinson scores
|
Batting: RHB Lawrence Davidson
|
0-0: Ground out 6-3 (Groundball, 6M)
|
Bottom of the 1st over - 1 run(s), 1 hit(s), 0 error(s), 0 left on base; Alabama 0 - Texas A&M 1 |
TOP OF THE 2ND |
Alabama Crimson Tide batting - Pitching for Texas A&M Aggies : RHP Josh Ewing
|
Batting: RHB Nick Vogel
|
0-0: Foul Ball, location: 2F 0-1: Foul Ball, location: 2F 0-2: Fly out, F9 (Flyball, 9S)
|
Batting: RHB William Robinson
|
0-0: Ball 1-0: Foul Ball, location: 2F 1-1: Called Strike 1-2: SINGLE (Groundball, 6MS)
|
Batting: RHB Scott Graves
|
0-0: Ball 1-0: Called Strike 1-1: Ball 2-1: Ball 3-1: Foul Ball, location: 2F 3-2: Grounds into double play, 6-4-3 (Groundball, 6)
|
Top of the 2nd over - 0 run(s), 1 hit(s), 0 error(s), 0 left on base; Alabama 0 - Texas A&M 1 |
BOTTOM OF THE 2ND |
Texas A&M Aggies batting - Pitching for Alabama Crimson Tide : RHP Kip Coleman
|
Batting: RHB Brandon Townsley
|
0-0: Called Strike 0-1: Called Strike 0-2: Strikes out looking
|
Batting: RHB Kevin Wilson
|
0-0: Foul Ball, location: 2F 0-1: Ball 1-1: Swinging Strike 1-2: Ball 2-2: Strikes out swinging
|
Batting: LHB Andy Pollock
|
0-0: Ball 1-0: Ball 2-0: Swinging Strike 2-1: Foul Ball, location: 2F 2-2: Strikes out swinging
|
Bottom of the 2nd over - 0 run(s), 0 hit(s), 0 error(s), 0 left on base; Alabama 0 - Texas A&M 1 |
TOP OF THE 3RD |
Alabama Crimson Tide batting - Pitching for Texas A&M Aggies : RHP Josh Ewing
|
Batting: RHB Walt McDonald
|
0-0: Ball 1-0: Ball 2-0: Foul Ball, location: 2F 2-1: Foul Ball, location: 2F 2-2: Ball 3-2: Base on Balls
|
Batting: LHB Chris White
|
0-0: Ball 1-0: Ball 2-0: Foul Ball, location: 2F 2-1: Foul Ball, location: 2F 2-2: Ground out 5-3 (Groundball, 56S) Walt McDonald to second
|
Batting: RHB Greg Grant
|
0-0: Ball 1-0: Called Strike 1-1: Swinging Strike 1-2: Ball 2-2: Ball 3-2: Foul Ball, location: 2F 3-2: Strikes out swinging
|
Batting: LHB Clayton Bailey
|
0-0: Ball 1-0: Ground out 4-3 (Groundball, 4)
|
Top of the 3rd over - 0 run(s), 0 hit(s), 0 error(s), 1 left on base; Alabama 0 - Texas A&M 1 |
BOTTOM OF THE 3RD |
Texas A&M Aggies batting - Pitching for Alabama Crimson Tide : RHP Kip Coleman
|
Batting: RHB César Cortéz
|
0-0: Fly out, F7 (Flyball, 7M)
|
Batting: RHB Paul Stewart
|
0-0: Called Strike 0-1: Swinging Strike 0-2: Strikes out swinging
|
Batting: RHB Irwin Robinson
|
0-0: Called Strike 0-1: Ball 1-1: Ball 2-1: Called Strike 2-2: Foul Ball, location: 2F 2-2: Ball 3-2: Strikes out swinging
|
Bottom of the 3rd over - 0 run(s), 0 hit(s), 0 error(s), 0 left on base; Alabama 0 - Texas A&M 1 |
TOP OF THE 4TH |
Alabama Crimson Tide batting - Pitching for Texas A&M Aggies : RHP Josh Ewing
|
Batting: SHB Jorge Dávila
|
0-0: Called Strike 0-1: Swinging Strike 0-2: Foul Ball, location: 2F 0-2: SINGLE (Line Drive, 34D)
|
Batting: RHB Stephen Nava
|
0-0: Ball 1-0: Called Strike 1-1: Grounds into double play, 6-4-3 (Groundball, 6)
|
Batting: RHB Nick Vogel
|
0-0: Called Strike 0-1: Foul Ball, location: 2F 0-2: Ball 1-2: SINGLE (Line Drive, 78M)
|
Batting: RHB William Robinson
|
0-0: Ball 1-0: Foul Ball, location: 2F 1-1: Ball 2-1: SINGLE (Groundball, 34) (infield hit) Nick Vogel to second
|
Batting: RHB Scott Graves
|
0-0: Called Strike 0-1: Called Strike 0-2: DOUBLE (Line Drive, 7LM) Nick Vogel scores William Robinson to third Runner from 3rd tries for Home, SAFE, no throw or cutoff
|
Batting: RHB Walt McDonald
|
0-0: Foul Ball, location: 2F 0-1: Fly out, F9 (Flyball, 89M)
|
Top of the 4th over - 2 run(s), 4 hit(s), 0 error(s), 1 left on base; Alabama 2 - Texas A&M 1 |
BOTTOM OF THE 4TH |
Texas A&M Aggies batting - Pitching for Alabama Crimson Tide : RHP Kip Coleman
|
Batting: LHB Kevin Holley
|
0-0: Ball 1-0: Ball 2-0: Called Strike 2-1: Ball 3-1: Foul Ball, location: 2F 3-2: Foul Ball, location: 2F 3-2: Foul Ball, location: 2F 3-2: Base on Balls
|
Batting: LHB Walt Brown
|
0-0: Called Strike 0-1: Fly out, F8 (Flyball, 89M)
|
Batting: RHB Lawrence Davidson
|
0-0: Ball 1-0: Swinging Strike 1-1: Ball 2-1: Swinging Strike 2-2: Strikes out looking
|
Batting: RHB Brandon Townsley
|
0-0: Ball 1-0: Called Strike Kevin Holley steals 2nd base 1-1: SINGLE (Line Drive, 56) Kevin Holley to third Runner from 3rd tries for Home, SAFE, no throw or cutoff
|
Batting: RHB Kevin Wilson
|
0-0: Foul Ball, location: 2F 0-1: Ball 1-1: Ball 2-1: Swinging Strike 2-2: Foul Ball, location: 2F 2-2: Reached on error, E6 (Groundball, 6) Brandon Townsley to second
|
Batting: LHB Andy Pollock
|
0-0: Called Strike 0-1: Swinging Strike 0-2: Ball 1-2: Foul Ball, location: 2F 1-2: SINGLE (Groundball, 34S) Brandon Townsley to third Kevin Wilson to second Runner from 3rd tries for Home, SAFE, no throw or cutoff
|
Batting: RHB César Cortéz
|
0-0: Called Strike 0-1: Foul Ball, location: 2F 0-2: Strikes out looking
|
Bottom of the 4th over - 2 run(s), 2 hit(s), 1 error(s), 2 left on base; Alabama 2 - Texas A&M 3 |
TOP OF THE 5TH |
Alabama Crimson Tide batting - Pitching for Texas A&M Aggies : RHP Josh Ewing
|
Batting: LHB Chris White
|
0-0: Fly out, F9 (Flyball, 9M)
|
Batting: RHB Greg Grant
|
0-0: Ball 1-0: Ground out 5-3 (Groundball, 56S)
|
Batting: LHB Clayton Bailey
|
0-0: SINGLE (Groundball, 6MD) (infield hit)
|
Batting: SHB Jorge Dávila
|
0-0: Called Strike 0-1: Swinging Strike 0-2: Ball 1-2: Foul Ball, location: 2F 1-2: Strikes out swinging
|
Top of the 5th over - 0 run(s), 1 hit(s), 0 error(s), 1 left on base; Alabama 2 - Texas A&M 3 |
BOTTOM OF THE 5TH |
Texas A&M Aggies batting - Pitching for Alabama Crimson Tide : RHP Kip Coleman
|
Batting: RHB Paul Stewart
|
0-0: SINGLE (Line Drive, 7S)
|
Batting: RHB Irwin Robinson
|
0-0: Called Strike 0-1: Ball 1-1: Foul Ball, location: 2F 1-2: Fly out, F3 (Popup, 34S)
|
Batting: LHB Kevin Holley
|
0-0: Fly out, F6 (Popup, 6)
|
Batting: LHB Walt Brown
|
0-0: Ball 1-0: Fly out, F7 (Line Drive, 7S)
|
Bottom of the 5th over - 0 run(s), 1 hit(s), 0 error(s), 1 left on base; Alabama 2 - Texas A&M 3 |
TOP OF THE 6TH |
Alabama Crimson Tide batting - Pitching for Texas A&M Aggies : RHP Josh Ewing
|
Batting: RHB Stephen Nava
|
0-0: Ball 1-0: Fly out, F7 (Flyball, 7D)
|
Batting: RHB Nick Vogel
|
0-0: Called Strike 0-1: Ball 1-1: Swinging Strike 1-2: Ball 2-2: Foul Ball, location: 2F 2-2: Ball 3-2: Base on Balls
|
Pitching: RHP Jonathan Nieves
|
|
Batting: RHB William Robinson
|
0-0: Called Strike 0-1: Called Strike 0-2: Strikes out swinging
|
Batting: RHB Scott Graves
|
0-0: Called Strike 0-1: Swinging Strike 0-2: Ball 1-2: Foul Ball, location: 2F 1-2: Foul Ball, location: 2F 1-2: Ball 2-2: Ball 3-2: Strikes out swinging
|
Top of the 6th over - 0 run(s), 0 hit(s), 0 error(s), 1 left on base; Alabama 2 - Texas A&M 3 |
BOTTOM OF THE 6TH |
Texas A&M Aggies batting - Pitching for Alabama Crimson Tide : RHP Kip Coleman
|
Batting: RHB Lawrence Davidson
|
0-0: Ball 1-0: Foul Ball, location: 2F 1-1: Called Strike 1-2: Foul Ball, location: 2F 1-2: Foul Ball, location: 2F 1-2: Strikes out swinging
|
Pitching: RHP Alfonso Sánchez
|
|
Batting: RHB Brandon Townsley
|
0-0: Called Strike 0-1: Swinging Strike 0-2: Ball 1-2: Strikes out looking
|
Batting: RHB Kevin Wilson
|
0-0: Ball 1-0: Called Strike 1-1: Ball 2-1: Fly out, F4 (Line Drive, 4)
|
Bottom of the 6th over - 0 run(s), 0 hit(s), 0 error(s), 0 left on base; Alabama 2 - Texas A&M 3 |
TOP OF THE 7TH |
Alabama Crimson Tide batting - Pitching for Texas A&M Aggies : RHP Jonathan Nieves
|
Batting: RHB Walt McDonald
|
0-0: Called Strike 0-1: Swinging Strike 0-2: Ball 1-2: Strikes out swinging
|
Batting: LHB Chris White
|
0-0: Ball 1-0: Foul Ball, location: 2F 1-1: Swinging Strike 1-2: Ball 2-2: Foul Ball, location: 2F 2-2: Foul Ball, location: 2F 2-2: Ball 3-2: Foul Ball, location: 2F 3-2: Base on Balls
|
Batting: RHB Greg Grant
|
0-0: Called Strike 0-1: Fielders Choice at 2nd, 5-4 (Groundball, 56)
|
Batting: LHB Clayton Bailey
|
0-0: Ball 1-0: Called Strike 1-1: Swinging Strike 1-2: Strikes out swinging
|
Top of the 7th over - 0 run(s), 0 hit(s), 0 error(s), 1 left on base; Alabama 2 - Texas A&M 3 |
BOTTOM OF THE 7TH |
Texas A&M Aggies batting - Pitching for Alabama Crimson Tide : RHP Alfonso Sánchez
|
Batting: LHB Andy Pollock
|
0-0: Ball 1-0: Ball 2-0: Ground out 4-3 (Groundball, 4)
|
Batting: RHB César Cortéz
|
0-0: Called Strike 0-1: Ball 1-1: Foul Ball, location: 2F 1-2: Ball 2-2: Ball 3-2: Base on Balls
|
Batting: RHB Paul Stewart
|
0-0: Foul Ball, location: 2F 0-1: Ball 1-1: Ball 2-1: Ball 3-1: Base on Balls César Cortéz to second
|
Batting: RHB Irwin Robinson
|
0-0: Called Strike 0-1: Foul Ball, location: 2F 0-2: Ball 1-2: Ball 2-2: Grounds into double play, 4-6-3 (Groundball, 4)
|
Bottom of the 7th over - 0 run(s), 0 hit(s), 0 error(s), 1 left on base; Alabama 2 - Texas A&M 3 |
TOP OF THE 8TH |
Alabama Crimson Tide batting - Pitching for Texas A&M Aggies : RHP Jonathan Nieves
|
Pitching: RHP Carl Rojas
|
|
Batting: SHB Jorge Dávila
|
0-0: Ground out 6-3 (Groundball, 6)
|
Batting: RHB Stephen Nava
|
0-0: Ground out 6-3 (Groundball, 6)
|
Batting: RHB Nick Vogel
|
0-0: Called Strike 0-1: Foul Ball, location: 2F 0-2: Ball 1-2: Strikes out swinging
|
Top of the 8th over - 0 run(s), 0 hit(s), 0 error(s), 0 left on base; Alabama 2 - Texas A&M 3 |
BOTTOM OF THE 8TH |
Texas A&M Aggies batting - Pitching for Alabama Crimson Tide : RHP Alfonso Sánchez
|
Batting: LHB Kevin Holley
|
0-0: Called Strike 0-1: Ground out 6-3 (Groundball, 6MS)
|
Pitching: RHP Michael Cole
|
|
Batting: LHB Walt Brown
|
0-0: Ball 1-0: Ball 2-0: Ball 3-0: Called Strike 3-1: Called Strike 3-2: Foul Ball, location: 2F 3-2: SOLO HOME RUN (Flyball, 9D), Distance : 349 ft
|
Batting: RHB Lawrence Davidson
|
0-0: Ball 1-0: Swinging Strike 1-1: Ball 2-1: Ball 3-1: Foul Ball, location: 2F 3-2: Strikes out looking
|
Batting: RHB Brandon Townsley
|
0-0: Ground out 2-3 (Groundball, 2R)
|
Bottom of the 8th over - 1 run(s), 1 hit(s), 0 error(s), 0 left on base; Alabama 2 - Texas A&M 4 |
TOP OF THE 9TH |
Alabama Crimson Tide batting - Pitching for Texas A&M Aggies : RHP Carl Rojas
|
Pitching: RHP Alex Weston
|
|
Now at C: James Richardson
|
|
Batting: RHB William Robinson
|
0-0: Called Strike 0-1: Called Strike 0-2: Ball 1-2: SOLO HOME RUN (Line Drive, 7D), Distance : 357 ft
|
Batting: RHB Scott Graves
|
0-0: Ball 1-0: Swinging Strike 1-1: Fly out, F6 (Popup, 6M)
|
Batting: RHB Walt McDonald
|
0-0: Called Strike 0-1: Foul Ball, location: 2F 0-2: Ball 1-2: Ball 2-2: Foul Ball, location: 2F 2-2: Ball 3-2: Base on Balls
|
Pinch Hitting: SHB Rubén Valle
|
0-0: Called Strike 0-1: Ball 1-1: Foul Ball, location: 2F 1-2: Fly out, F9 (Line Drive, 9M)
|
Batting: RHB Greg Grant
|
0-0: Foul Ball, location: 2F 0-1: Foul Ball, location: 2F 0-2: Ball 1-2: Ball 2-2: Ball 3-2: Base on Balls Walt McDonald to second
|
Batting: LHB Clayton Bailey
|
0-0: Ball 1-0: Foul Ball, location: 2F 1-1: Ground out 4-3 (Groundball, 4)
|
Top of the 9th over - 1 run(s), 1 hit(s), 0 error(s), 2 left on base; Alabama 3 - Texas A&M 4 |
|